 Dungeon Crawl Stone Soup version 0.30.1-3-gfc49f6343a (webtiles) character file.

Game seed: 16014070844049386300

9 CaptainMV the Covered (level 2, 0/19 HPs)
             Began as a Demonspawn Wanderer on Aug 7, 2023.
             Slain by a goblin
             ... wielding a +0 club
              (3 damage)
             ... on level 1 of the Dungeon.
             The game lasted 00:02:28 (159 turns).

CaptainMV the Covered (Demonspawn Wanderer)          Turns: 159, Time: 00:02:29

Health: 0/19       AC:  9    Str: 13    XL:     2   Next: 6%
Magic:  3/3        EV:  6    Int: 13    God:
Gold:   15         SH:  0    Dex: 11    Spells: 2/3 levels left

rFire   . . .        a - +0 dagger
rCold   . . .        (no shield)
rNeg    . . .        c - +0 chain mail
rPois   .            (no helmet)
rElec   .            (no cloak)
rCorr   .            (no gloves)
SInv    .            (no boots)
Will    .....        (no amulet) Stlth
                     (no ring)
HPRegen 1.23/turn    (no ring)
MPRegen 0.08/turn

%: no passive effects
@: no status effects
A: powered by death 1
a: no special abilities


You were on level 1 of the Dungeon.
You visited 1 branch of the dungeon, and saw 1 of its levels.

You collected 15 gold pieces.

Inventory:

Hand Weapons
 a - a +0 dagger (weapon)
Missiles
 b - 13 poisoned darts (quivered)
Armour
 c - a +0 chain mail (worn)
Scrolls
 e - a scroll of teleportation {unknown}
Potions
 d - 2 potions of curing


   Skills:
 + Level 1.7 Throwing
 + Level 4.1 Armour
 + Level 1.0 Stealth
 + Level 1.0 Spellcasting
 + Level 1.7 Ice Magic


You had 2 spell levels left.
You knew the following spells:

 Your Spells              Type           Power      Damage    Failure   Level
a - Freeze                Ice            20%        1d4       94%         1

Your spell library contained the following spells:

 Spells                   Type           Power      Damage    Failure   Level
 Hailstorm                Conj/Ice       2%         3d3       100%        3


Dungeon Overview and Level Annotations

Branches:
Dungeon (1/15)

Altars:


Innate Abilities, Weirdness & Mutations

You regenerate a little health from kills.


Message History

The quokka twitches its whiskers.
The hobgoblin hits you. The goblin hits you but does no damage.
You closely miss the hobgoblin.
The quokka bites you but does no damage.
The hobgoblin hits you but does no damage.
The goblin hits you but does no damage.
You barely miss the hobgoblin. The quokka barely misses you.
The hobgoblin barely misses you. The goblin barely misses you.
You hit the quokka but do no damage. The quokka barely misses you.
The hobgoblin hits you. The goblin hits you but does no damage.
You hit the quokka but do no damage. The quokka bites you.
The goblin hits you but does no damage.
The hobgoblin hits you but does no damage.
The quokka barely misses you.
You hit the quokka.
The quokka is heavily wounded.
The quokka closely misses you. The hobgoblin hits you.
The goblin hits you with a +0 club.
You hit the quokka.
You kill the quokka!
The goblin barely misses you. The hobgoblin hits you.
* * * LOW HITPOINT WARNING * * *
You have reached level 2!
Your demonic ancestry asserts itself...
A wave of death washes over you.
You hit the hobgoblin.
The hobgoblin is almost dead.
The goblin barely misses you.
The hobgoblin hits you but does no damage.
You barely miss the hobgoblin. You punch the hobgoblin.
You kill the hobgoblin!
The goblin hits you but does no damage.
You hit the goblin.
The goblin is moderately wounded.
The goblin hits you with a +0 club.
* * * LOW HITPOINT WARNING * * *
You hit the goblin.
The goblin is heavily wounded.
The goblin hits you with a +0 club.
You die...

.≈# .## ### #.# #.#
..# ###
#######+######## #
##..............### ##
##..........@†......
.#
#............g...###
##
#...................
.#
#........##..##..##.
#####.#.....####....##
.##...#.....# ##..##
..#.###......# ..#
#.#.# ##......# ..#
#.#.# #.##.#...


You could see a goblin.

Vanquished Creatures
  2 bats (D:1)
  An endoplasm (D:1)
  A goblin (D:1)
  A hobgoblin (D:1)
  A quokka (D:1)
  2 rats (D:1)
8 creatures vanquished.

Notes
Turn   | Place    | Note
-------+----------+-------------------------------------------
     0 | D:1      | CaptainMV the Demonspawn Wanderer began the quest for the
                  | Orb.
     0 | D:1      | CaptainMV set off with the following items: a +0 dagger, 13
                  | poisoned darts, a +0 chain mail, a potion of curing; and
                  | the following spell memorised: Freeze; and the following
                  | spells available to memorise: Hailstorm.
     0 | D:1      | Reached XP level 1. HP: 13/13 MP: 2/2
   132 | D:1      | Reached skill level 4 in Armour
   156 | D:1      | Gained mutation: You regenerate a little health from kills.
                  | [demonic ancestry]
   156 | D:1      | Reached XP level 2. HP: 3/19 MP: 3/3
   159 | D:1      | Slain by a goblin

Illustrated notes

Levels and vault maps discovered:
D:1:      dpeg_arrival_subterranean_lakeside_camping, layout_basic,
          shapermc_ecumenical_altar_acropolis, palyth_stone_intersect

Skill      XL: |  1 |
---------------+----+-----
Armour         | 4 |  4.1
Throwing       | |  1.7
Stealth        | |  1.0
Spellcasting   | |  1.0
Ice Magic      | |  1.7

Action                     || total
---------------------------++-------
  Melee: Dagger            ||    60
         Punch             ||     1
 Armour: Chain mail        ||    84
  Dodge: Dodged            ||    38
